 Dungeon Crawl Stone Soup version 0.23.2-1-ga50397a (webtiles) character file.

Game seed: 5872165556999982933

51480 sanboga the Severer (level 14, 0/95 HPs)
             Began as a Gargoyle Berserker on May 20, 2019.
             Was the Champion of Trog.
             Slain by a wolf (1 damage)
             ... on level 6 of the Lair of Beasts.
             The game lasted 00:30:58 (16817 turns).

sanboga the Severer (Gargoyle Berserker)           Turns: 16817, Time: 00:30:59

Health: 0/95       AC: 32    Str: 25    XL:     14   Next: 59%
Magic:  0/14       EV:  9    Int:  9    God:    Trog [******]
Gold:   970        SH:  0    Dex: 11    Spells: 13/13 levels left

rFire    + . .     SeeInvis .   K - +5 battleaxe of Forphyesu {vamp, Dex+2}
rCold    . . .     Gourm    .   (shield currently unavailable)
rNeg     + . .     Faith    .   h - +3 chain mail {rF+}
rPois    ∞         Spirit   +   (no helmet)
rElec    +         Reflect  .   v - +0 cloak {rPois}
rCorr    .         Harm     .   (no gloves)
MR       ++...                  u - +0 pair of boots
Stlth    ..........             j - amulet of guardian spirit
HPRegen  0.25/turn              e - +3 ring of protection
MPRegen  0.14/turn              r - ring of protection from magic

@: berserk cooldown, flying, slowed, very slow
A: big wings, negative energy resistance 1, electricity resistance, unbreathing,
petrification resistance, rot immunity, AC +10
a: Stop Flying, Berserk, Trog's Hand, Brothers in Arms, Renounce Religion


You were on level 6 of the Lair of Beasts.
You worshipped Trog.
Trog was exalted by your worship.
You were not hungry.

You visited 2 branches of the dungeon, and saw 17 of its levels.
You visited the Abyss 1 time.
You also visited: Ice Cave.

You collected 1222 gold pieces.
You spent 252 gold pieces at shops.

Inventory:

Hand Weapons
 g - a +4 battleaxe of chopping
 K - the +5 battleaxe of Forphyesu (weapon) {vamp, Dex+2}
   (Trog gifted it to you on level 3 of the Lair of Beasts)

   It inflicts no extra harm, but heals its wielder when it wounds a living foe.
   It affects your dexterity (+2).
Armour
 h - a +3 chain mail of fire resistance (worn)
 u - a +0 pair of boots (worn)
 v - a +0 cloak of poison resistance (worn)
Jewellery
 a - an uncursed ring of fire
 e - a +3 ring of protection (left hand)
 j - an amulet of guardian spirit (around neck)
 r - a ring of protection from magic (right hand)
 D - an uncursed ring of ice
 F - an uncursed ring of ice
 J - a cursed -3 ring of evasion {unknown}
 M - an uncursed ring of fire
Wands
 i - a wand of digging (9)
 n - a wand of random effects (72)
 o - a wand of iceblast (15)
 w - a wand of flame (50)
 B - a wand of paralysis (17)
 G - a wand of enslavement (12)
Scrolls
 f - 5 scrolls of teleportation
 k - 6 scrolls of blinking
 q - 3 scrolls of enchant weapon
 t - 3 scrolls of enchant armour
 x - 2 scrolls of identify
 y - a scroll of fog
 z - 2 scrolls of fear
 C - 8 scrolls of remove curse
Potions
 d - 2 potions of ambrosia
 m - a potion of curing
 p - 5 potions of invisibility
 s - 2 potions of mutation
 A - 2 potions of cancellation
 H - a potion of haste
Comestibles
 c - 26 rations
 L - 35 chunks of flesh


   Skills:
 + Level 13.7 Fighting
 * Level 15.8 Axes
 + Level 13.6 Armour
 - Level 1.5 Dodging


You had 13 spell levels left.
You didn't know any spells.
Your spell library was empty.

Dungeon Overview and Level Annotations

Branches:
Dungeon (11/15)            Temple (0/1) D:4            Lair (6/6) D:11
 Shoals (0/4) Lair:2        Snake (0/4) Lair:2        Slime (0/5) Lair:6
    Orc (0/2) D:9

Altars:
Ashenzari
Xom
Yredelemnul
Jiyva

Shops:
D:5 !   D:6 %   D:7 (

Annotations:
Lair:6 1 runed translucent door


Innate Abilities, Weirdness & Mutations

You are resistant to torment.
Your stone body is resilient. (AC +10)
You are immune to poison.
Your large and strong wings let you fly indefinitely.
You resist negative energy. (rN+)
You are resistant to electric shocks. (rElec)
You can survive without breathing.
You are immune to petrification.
You are immune to rotting.


Message History

The 13-headed hydra bites you but does no damage. x2
The 13-headed hydra bites you!
* * * LOW HITPOINT WARNING * * *
The 13-headed hydra barely misses you.
The 13-headed hydra bites you but does no damage. x2
The wolf bites you but does no damage. The spriggan barely misses you.
You feel better. The wolf bites you.
* * * LOW HITPOINT WARNING * * *
The wolf barely misses you.
The 13-headed hydra barely misses you. x2
The 13-headed hydra bites you but does no damage.
The 13-headed hydra bites you.
* * * LOW HITPOINT WARNING * * *
The 13-headed hydra bites you but does no damage. x2
The 13-headed hydra bites you!
* * * LOW HITPOINT WARNING * * *
The 13-headed hydra barely misses you.
The 13-headed hydra bites you but does no damage. x5
The spriggan hits you but does no damage.
The wolf bites you.
You die...

#..[......# #.........
##........# #.........#
........[.##
...........#
#.....hDi..# #....)@...#
#........## .
#.........# #.
#.......†..# #.
..........#############.
#..........##:##...#.P..
#P.........†÷†..........
#...........÷.÷.........
............÷÷.........)


You could see a 13-headed hydra, a spriggan and a wolf.

Vanquished Creatures
  A white draconian (IceCv)
  Josephine (Lair:6)
  3 hydras
  A two-headed ogre (D:11)
  Erica (Lair:1)
  10 death yaks
  An ugly thing (D:11)
  An oklob plant (Lair:6)
  A manticore (Lair:2)
  7 black mambas
  5 elephants
  A torpor snail (Lair:6)
  A centaur zombie (D:10)
  7 spiny frogs
  4 komodo dragons
  2 rime drakes
  15 polar bears
  The ghost of Brandominion the Ducker, an amateur DsGl (D:4)
  Grinder (D:6)
  3 hornets (Lair:6)
  9 dream sheep (Lair:6)
  6 hippogriffs
  7 blink frogs
  Sigmund (D:6)
  43 yaks
  3 wraiths (Lair:6)
  7 spriggans (Lair:6)
  2 wyverns
  A basilisk (D:11)
  2 porcupines
  An acid dragon (D:11)
  Duvessa (D:4)
  14 water moccasins
  A sky beast (D:6)
  12 ice beasts
  5 black bears
  An orc warrior (D:8)
  10 ogres
  2 phantoms
  A centaur (D:9)
  3 boggarts (Lair:6)
  80 wolves
  13 crocodiles
  A big kobold (D:8)
  Blork the orc (D:4)
  A wyvern zombie (D:11)
  12 bullfrogs
  Dowan (D:4)
  3 scorpions
  5 killer bees (D:6)
  5 wights (D:11)
  7 howler monkeys
  An electric eel (Lair:3)
  4 crimson imps
  10 hounds
  3 jellies
  2 quasits
  4 orc priests
  A centaur skeleton (D:10)
  2 bullfrog skeletons (D:4)
  Jessica (D:3)
  A gnoll shaman (D:8)
  2 iguanas
  6 orc wizards
  6 worker ants
  A killer bee zombie (D:4)
  18 adders
  4 gnolls (D:8)
  3 shadow imps
  An adder zombie (D:10)
  An adder skeleton (D:5)
  3 worms
  5 dart slugs
  6 leopard geckos
  35 orcs
  7 giant cockroaches
  A goblin (D:2)
  9 hobgoblins
  13 jackals
  2 quokkas
  6 ball pythons
  11 bats
  7 frilled lizards
  8 kobolds
  A quokka skeleton (D:5)
  5 rats
  2 fungi
  4 plants
524 creatures vanquished.

Vanquished Creatures (collateral kills)
  A hippogriff (Lair:5)
  A bush (Lair:5)
2 creatures vanquished.

Vanquished Creatures (others)
  7 polar bears (IceCv)
  3 yaks (IceCv)
  5 wolves (IceCv)
  11 fungi
  A plant (Lair:5)
27 creatures vanquished.

Grand Total: 553 creatures vanquished

Notes
Turn   | Place    | Note
-------+----------+-------------------------------------------
     0 | D:1      | sanboga the Gargoyle Berserker began the quest for the Orb.
     0 | D:1      | Reached XP level 1. HP: 14/14 MP: 1/1
   133 | D:1      | Reached XP level 2. HP: 5/19 MP: 2/2
   135 | D:1      | Reached skill level 3 in Axes
   139 | D:1      | HP: 1/28 [giant cockroach (2)]
   608 | D:1      | Reached XP level 3. HP: 21/23 MP: 3/3
   751 | D:1      | Reached ** piety under Trog
  1083 | D:2      | Found a faded altar of an unknown god.
  1439 | D:2      | Reached XP level 4. HP: 25/29 MP: 4/4
  2082 | D:3      | Noticed Jessica
  2093 | D:3      | Reached *** piety under Trog
  2093 | D:3      | Killed Jessica
  2093 | D:3      | Reached skill level 4 in Axes
  2093 | D:3      | Reached XP level 5. HP: 15/33 MP: 5/5
  2426 | D:3      | Reached XP level 6. HP: 33/39 MP: 6/6
  2853 | D:4      | Noticed Duvessa
  2855 | D:4      | Noticed Dowan
  3019 | D:4      | Killed Duvessa
  3019 | D:4      | Reached skill level 5 in Axes
  3023 | D:4      | Killed Dowan
  3128 | D:4      | Reached skill level 5 in Fighting
  3128 | D:4      | Reached XP level 7. HP: 29/44 MP: 7/7
  3176 | D:4      | Found a staircase to the Ecumenical Temple.
  3199 | D:4      | Noticed Blork the orc
  3207 | D:4      | Killed Blork the orc
  3537 | D:4      | Found a runed translucent gate.
  3537 | D:4      | Found a runed translucent gate.
  3539 | D:4      | Found a runed translucent gate.
  3542 | D:4      | Noticed Brandominion's ghost (amateur DsGl)
  3549 | D:4      | Reached skill level 6 in Axes
  3549 | D:4      | Reached skill level 5 in Armour
  3553 | D:4      | Killed Brandominion's ghost
  3553 | D:4      | Reached XP level 8. HP: 51/51 MP: 8/8
  3768 | D:5      | Entered Level 5 of the Dungeon
  3821 | D:5      | Found Houcuafa's Distillery.
  3825 | D:5      | Bought 2 potions of heal wounds for 140 gold pieces
  3933 | D:5      | Reached **** piety under Trog
  4105 | D:5      | Reached skill level 7 in Axes
  4844 | D:6      | Noticed Grinder
  4846 | D:6      | Reached XP level 9. HP: 27/56 MP: 9/9
  4864 | D:6      | Killed Grinder
  4864 | D:6      | Reached skill level 8 in Axes
  5071 | D:6      | Found Qiclido's Food Boutique.
  5209 | D:6      | Noticed Sigmund
  5323 | D:6      | Found a basalt altar of Yredelemnul.
  5616 | D:6      | Cast into level 1 of the Abyss (Sigmund)
  5616 | Abyss:1  | Found a corrupted altar of Lugonu.
  5633 | D:6      | Escaped the Abyss
  5671 | D:6      | Killed Sigmund
  5742 | D:7      | Found Oqaupt's Antique Weapon Boutique.
  5823 | D:5      | Bought a potion of mutation for 112 gold pieces
  6264 | D:7      | Reached skill level 9 in Axes
  6592 | D:7      | Reached ***** piety under Trog
  6661 | D:8      | Reached XP level 10. HP: 53/64 MP: 10/10
  6868 | D:8      | Found a shimmering altar of Xom.
  7327 | D:8      | Reached skill level 10 in Axes
  7500 | D:9      | Received a gift from Trog
  7580 | D:9      | Found a staircase to the Orcish Mines.
  7616 | D:9      | Found a shattered altar of Ashenzari.
  7986 | D:10     | Entered Level 10 of the Dungeon
  8843 | D:11     | Reached XP level 11. HP: 56/71 MP: 11/11
  8866 | D:11     | Reached skill level 11 in Axes
  8904 | D:11     | Found a staircase to the Lair.
  9072 | D:11     | Noticed a two-headed ogre
  9080 | D:11     | Noticed a brown ugly thing
  9096 | D:11     | Killed a two-headed ogre
  9100 | D:11     | Killed a brown ugly thing
  9100 | D:11     | Reached skill level 10 in Fighting
  9339 | Lair:1   | Entered Level 1 of the Lair of Beasts
  9373 | Lair:1   | Noticed Erica
  9381 | Lair:1   | Killed Erica
  9418 | Lair:1   | Reached skill level 10 in Armour
  9560 | Lair:1   | Reached skill level 12 in Axes
  9594 | Lair:1   | Found a frozen archway.
  9603 | IceCv    | Entered an ice cave
  9970 | IceCv    | Reached XP level 12. HP: 61/79 MP: 12/12
 10192 | IceCv    | Received a gift from Trog
 10672 | IceCv    | Noticed a white draconian
 10679 | IceCv    | Killed a white draconian
 10679 | IceCv    | Reached skill level 13 in Axes
 10837 | IceCv    | HP: 3/80 [something (7)]
 10838 | IceCv    | HP: 1/80 [something (11)]
 11502 | Lair:1   | HP: 4/80 [wolf (6)]
 12412 | Lair:2   | Found a staircase to the Snake Pit.
 12653 | Lair:2   | Reached XP level 13. HP: 42/86 MP: 13/13
 13247 | Lair:2   | Found a staircase to the Shoals.
 13684 | Lair:3   | Reached skill level 14 in Axes
 13891 | Lair:3   | Received a gift from Trog
 13907 | Lair:3   | Got a brightly glowing battleaxe {god gift}
 15529 | Lair:5   | Identified the +5 battleaxe of Forphyesu {vamp, Dex+2}
                  | (Trog gifted it to you on level 3 of the Lair of Beasts)
 16162 | Lair:6   | Entered Level 6 of the Lair of Beasts
 16184 | Lair:6   | Reached skill level 15 in Axes
 16256 | Lair:6   | Gained mutation: Your large and strong wings let you fly
                  | indefinitely. [Gargoyle growth]
 16256 | Lair:6   | Reached XP level 14. HP: 66/94 MP: 10/14
 16269 | Lair:6   | Reached ****** piety under Trog
 16299 | Lair:6   | Found a runed translucent door.
 16300 | Lair:6   | Found a viscous altar of Jiyva.
 16300 | Lair:6   | Noticed an acid blob
 16302 | Lair:6   | Found a staircase to the Slime Pits.
 16302 | Lair:6   | Noticed an acid blob
 16385 | Lair:6   | Received a gift from Trog
 16635 | Lair:6   | Noticed Josephine
 16648 | Lair:6   | Killed Josephine
 16817 | Lair:6   | HP: 1/95 [13-headed hydra (10)]
 16817 | Lair:6   | Slain by a wolf

Skill      XL: |  1  2  3  4  5  6  7  8  9 10 11 12 13 14 |
---------------+-------------------------------------------+-----
Axes           | 3 4 5 6 7 9 10 12 13 15 | 15.8
Armour         | 3 4 5 6 7 9 10 11 12 13 | 13.6
Fighting       | 4 5 6 8 9 10 12 13 | 13.7
Dodging        | |  1.5

Action                   |  1- 3 |  4- 6 |  7- 9 | 10-12 | 13-15 || total
-------------------------+-------+-------+-------+-------+-------++-------
Melee: Hand axe          |   106 |       |       |       |       ||   106
       War axe           |    28 |   109 |   313 |   123 |       ||   573
       Battleaxe         |       |       |       |   465 |   512 ||   977
Invok: Berserk           |     1 |     3 |     4 |     4 |     4 ||    16
 Abil: Fly               |       |       |       |       |     1 ||     1
Evoke: Wand              |       |       |     3 |       |     3 ||     6
  Use: Scroll            |     1 |     6 |     7 |    10 |     8 ||    32
       Potion            |       |     6 |     1 |     5 |     1 ||    13
 Stab: Sleeping          |     1 |       |       |       |       ||     1
       Paralysed         |       |       |     3 |       |       ||     3
  Eat: Chunk             |     3 |     8 |    15 |    17 |    15 ||    58
       Ration            |       |       |       |     2 |     2 ||     4
Armor: Animal skin       |    67 |    52 |       |       |       ||   119
       Scale mail        |       |    15 |       |       |       ||    15
       Chain mail        |       |     5 |   302 |   674 |   630 ||  1611
Dodge: Dodged            |   111 |   102 |   195 |   421 |   334 ||  1163
